Map: Blackpink LE

Players

Pyloss

  • Race: Protoss Protoss
  • Spawn Location: 7:00

HeltEn - Winner!

  • Race: Terran Terran
  • Spawn Location: 1:00

Event: WCS Leipzig 2018

VOD

Have the link to the VOD?

Description

Time

  • Played on: Jan. 26, 2018, 7:23 a.m.
  • Length: 7:33

All games in this series

Show
View Real Time Build Order
Export as new Build Order

Pyloss Protoss 

Build Orders: Dark Templar Rush 

Get SALT Encoding   

  12  0:01  Probe  
  13  0:13  Probe  
  14  0:17  Pylon  
  14  0:25  Probe (Chrono Boost)  
  15  0:37  Probe (Chrono Boost), Gateway  
  16  0:45  Assimilator  
  16  0:46  Probe (Chrono Boost)  
  17  0:54  Probe  
  18  1:04  Assimilator  
  18  1:06  Probe  
  19  1:18  Probe  
  19  1:24  Cybernetics Core  
  20  1:30  Probe  
  21  1:38  Pylon  
  21  1:42  Probe  
  22  1:52  Pylon  
  22  1:54  Probe  
  23  2:18  Probe  
  24  2:26  Warp Gate  
  24  2:28  Nexus  
  24  2:29  Pylon  
  23  2:30  Probe  
  23  2:31  Adept (Chrono Boost)  
  26  2:42  Twilight Council  
  26  2:46  Probe  
  27  3:05  Probe  
  28  3:11  Gateway  
  28  3:17  Probe  
  29  3:25  Dark Shrine  
  29  3:29  Probe (Chrono Boost)  
  29  3:31  Robotics Facility  
  31  3:42  Probe (Chrono Boost)  
  31  3:47  Stalker  
  31  3:48  Probe x2 (Chrono Boost)  
  35  3:56  Gateway  
  35  4:00  Probe x2 (Chrono Boost)  
  37  4:12  Probe (Chrono Boost), Assimilator  
  35  4:21  Probe (Chrono Boost)  
  26  4:33  Stalker x2  
  25  4:49  Warp Prism (Chrono Boost)  
  26  5:00  Probe  
  26  5:02  Probe  
  28  5:12  Probe  
  29  5:14  Probe  
  30  5:24  Probe  
  30  5:28  Dark Templar x2  
  35  5:34  Dark Templar  
  37  5:36  Probe  
  37  5:38  Probe  
  39  5:48  Probe (Chrono Boost)  
  42  5:57  Observer  
  42  5:58  Probe (Chrono Boost)  
  42  6:00  Probe (Chrono Boost), Dark Templar  
  45  6:06  Probe (Chrono Boost)  
  45  6:07  Probe (Chrono Boost)  
  40  6:33  Stalker  
  40  6:34  Stalker x2  
  27  7:06  Zealot x3  
Show
View Real Time Build Order
Export as new Build Order

HeltEn Terran - Winner!

Build Orders: 1/1/1 

Get SALT Encoding   

  12  0:00  SCV  
  13  0:13  SCV  
  14  0:17  Supply Depot  
  14  0:25  SCV  
  15  0:28  Refinery  
  15  0:39  SCV  
  16  0:44  Barracks  
  16  0:51  SCV  
  17  1:03  SCV  
  18  1:15  SCV  
  19  1:31  Marine  
  19  1:32  Orbital Command  
  20  1:33  Factory  
  20  1:42  Supply Depot  
  20  1:49  Marine  
  21  1:59  SCV  
  22  2:07  Marine  
  23  2:13  SCV  
  24  2:23  Hellion, Starport  
  24  2:25  Marine  
  27  2:33  SCV  
  27  2:35  Supply Depot  
  28  2:43  Marine  
  29  2:45  SCV  
  30  2:57  Hellion  
  32  2:59  SCV  
  32  3:02  Marine  
  32  3:03  Medivac  
  35  3:07  Command Center  
  35  3:14  Supply Depot  
  35  3:20  Marine  
  35  3:24  Engineering Bay  
  35  3:26  Widow Mine  
  38  3:32  SCV  
  39  3:39  Barracks Reactor  
  39  3:42  Viking  
  39  3:44  SCV  
  42  3:49  Supply Depot  
  42  3:53  Supply Depot  
  42  4:02  SCV  
  43  4:07  Refinery  
  43  4:08  Widow Mine  
  45  4:14  SCV  
  46  4:25  Marine x2  
  46  4:27  Orbital Command  
  43  4:39  Factory Tech Lab  
  43  4:40  Missile Turret  
  43  4:42  Missile Turret, Marine x2  
  43  4:52  Missile Turret  
  43  4:53  SCV x2  
  43  4:58  Siege Tank  
  48  5:05  SCV  
  48  5:06  SCV  
  50  5:07  Marine  
  50  5:08  Marine  
  52  5:24  Barracks  
  52  5:25  SCV, Barracks  
  54  5:28  SCV  
  54  5:33  Starport Tech Lab  
  54  5:37  SCV  
  54  5:39  Marine x2  
  54  5:42  Siege Tank  
  60  5:46  SCV  
  60  5:49  SCV  
  62  5:51  Supply Depot  
  62  5:56  Raven  
  62  5:57  Marine x2  
  64  6:00  SCV  
  64  6:01  SCV  
  68  6:04  Supply Depot  
  67  6:21  SCV x2  
  67  6:24  Marine  
  67  6:25  Marine  
  70  6:26  Barracks Tech Lab  
  68  6:33  SCV  
  68  6:34  Siege Tank  
  68  6:39  Barracks Tech Lab  
  71  6:42  Marine  
  71  6:46  Marine  
  69  6:47  Marine  
  69  6:54  Starport Reactor  
  68  6:55  SCV x2  
  68  6:57  Refinery x2  
  70  7:04  Command Center  
  70  7:08  Marine x4  
  73  7:17  SCV x2  
  73  7:19  Command Center  
Tags
 
Add a new tag
Caveats
  • Supply blocks, unpowered buildings, or Contaminate may cause inaccurate times.
  • Supply counts are checked every 10 seconds.